 Dungeon Crawl Stone Soup version 0.29-a0-529-gfa20dd96a1 (webtiles) character file.

Game seed: 9563264520569783729

2709 bande the Cruncher (level 9, 0/66 (72) HPs)
             Began as a Gnoll Wanderer on June 1, 2022.
             Slain by a wight
             ... wielding a +0 antimagic battleaxe
              (12 damage)
             ... on level 8 of the Dungeon.
             The game lasted 00:11:51 (8001 turns).

bande the Cruncher (Gnoll Wanderer)                 Turns: 8001, Time: 00:11:52

HP:   0/66 (72)     AC: 20    Str: 12    XL:     9   Next: 66%
MP:   20/26         EV:  4    Int:  9    God:
Gold: 337           SH:  0    Dex: 16    Spells: 18/18 levels left

rFire   + . .      SeeInvis .   w - +6 battleaxe of Wondrous Power {vamp, MP+9 Str-4 Dex+2}
rCold   + . .      Faith    .   (shield currently unavailable)
rNeg    . . .      Spirit   .   C - +0 plate armour
rPois   .          Reflect  .   q - +0 helmet
rElec   .          Harm     .   s - scarf {rC+ rF+}
rCorr   .          Rampage  .   c - +0 pair of gloves
Will    +....                   (no boots)
Stlth   ..........              (no amulet)
HPRegen 0.21/turn               o - ring of willpower
MPRegen 0.20/turn               t - +4 ring of protection

@: studying Stealth, drained
A: fangs 1, strong nose, distributed training, hooves 1, iridescent scales 1,
robust 1, no potion heal 1
a: no special abilities


You were on level 8 of the Dungeon.
You visited 2 branches of the dungeon, and saw 9 of its levels.

You collected 337 gold pieces.

Inventory:

Hand Weapons
 a - a +2 quarterstaff of venom
 v - the +4 trident of Premature Burial {flame, Dex+6}
   (You found it on level 6 of the Dungeon)

   It burns those it strikes, dealing additional fire damage.
   Dex:       It affects your dexterity (+6).
 w - the +6 battleaxe of Wondrous Power (weapon) {vamp, MP+9 Str-4 Dex+2}
   (You found it on level 6 of the Dungeon)

   It occasionally heals its wielder for a portion of the damage dealt when it
   wounds a living foe.
   Str:       It affects your strength (-4).
   Dex:       It affects your dexterity (+2).
   MP:        It affects your magic capacity (+9).
Armour
 c - a +0 pair of gloves (worn)
 p - a +0 scale mail of fire resistance
 q - a +0 helmet (worn)
 s - a scarf of resistance (worn)
 C - a +0 plate armour (worn)
 F - a +0 buckler
Magical Staves
 i - a staff of fire
Jewellery
 f - a ring of see invisible
 g - a ring of ice
 o - a ring of willpower (left hand)
 t - a +4 ring of protection (right hand)
 y - a ring of positive energy
Wands
 n - a wand of mindburst (20)
 x - a wand of flame (27)
 z - a wand of digging (6)
Scrolls
 d - 3 scrolls of blinking
 h - 4 scrolls of teleportation
 G - a scroll of enchant weapon {unknown}
Potions
 b - a potion of attraction
 e - 5 potions of curing
 j - a potion of haste
 k - 4 potions of brilliance
 l - 2 potions of magic
 m - 2 potions of flight
 r - a potion of might
 u - a potion of heal wounds
 A - a potion of degeneration {unknown}
 B - a potion of berserk rage {unknown}
 D - a potion of resistance {unknown}
 E - a potion of cancellation {unknown}


   Skills:
 + Level 4.4 Fighting
 + Level 4.4 Short Blades
 + Level 4.4 Long Blades
 + Level 4.4 Axes
 + Level 4.4 Maces & Flails
 + Level 4.4 Polearms
 + Level 8.0 Staves
 + Level 4.4 Slings
 + Level 4.4 Bows
 + Level 4.4 Crossbows
 + Level 4.4 Throwing
 + Level 5.2 Armour
 + Level 5.2 Dodging
 + Level 7.2 Stealth
 + Level 4.4 Shields
 + Level 4.4 Unarmed Combat
 + Level 5.3 Spellcasting
 + Level 3.6 Conjurations
 + Level 3.6 Hexes
 + Level 3.6 Summonings
 + Level 3.6 Necromancy
 + Level 3.6 Translocations
 + Level 3.6 Transmutations
 + Level 3.6 Fire Magic
 + Level 3.6 Ice Magic
 + Level 3.6 Air Magic
 + Level 3.6 Earth Magic
 + Level 3.6 Poison Magic
 + Level 4.9 Invocations
 + Level 6.4 Evocations


You had 18 spell levels left.
You didn't know any spells.
Your spell library contained the following spells:

 Spells                   Type           Power      Damage    Failure   Level
 Slow                     Hex            36%        N/A       100%        1
 Scorch                   Fire           18%        2d6       100%        2
 Enfeeble                 Hex            4%         N/A       100%        7


Dungeon Overview and Level Annotations

Branches:
Dungeon (8/15)             Temple (1/1) D:6
   Lair: D:8-11

Altars:
Ashenzari
Cheibriados
Dithmenos
Elyvilon
Fedhas
Gozag
Kikubaaqudgha
Makhleb
Nemelex Xobeh
Qazlal
Ru
Trog
Uskayaw
Vehumet
Yredelemnul
Zin
The Shining One

Shops:
D:5 [?=   D:6 (   D:8 =


Innate Abilities, Weirdness & Mutations

You have very sharp teeth.
Your uncanny sense of smell can sniff out nearby items.
Your experience applies equally to all skills.
You have large cloven feet.
You are partially covered in iridescent scales. (AC +2)
You are robust. (+10% HP)
Potions are less effective at restoring your health.


Message History

You slash the wight! Your kick misses the wight.
The wight is almost destroyed.
The wight hits you but does no damage.
You slash the wight!
You destroy the wight!
The howler monkey hoots and howls with incredible vigour! x2
The wight hits you but does no damage.
You hear a croak.
You closely miss the wight. Your kick misses the wight.
The wight hits you but does no damage.
You closely miss the wight. You kick the wight.
The wight is lightly damaged.
The wight hits you but does no damage.
The wight hits you with a +0 antimagic battleaxe.
You feel drained.
You feel your power leaking away.
You hit the wight but do no damage. You kick the wight.
The wight is moderately damaged.
The howler monkey hoots and howls with incredible vigour!
The wight hits you with a +0 antimagic battleaxe.
You feel your power leaking away.
You hear a croak.
You barely miss the wight. You kick the wight.
The wight is moderately damaged.
The wight hits you but does no damage.
A wight comes into view. It is wielding a +5 flail.
The wight hits you but does no damage.
A wight comes into view. It is wielding a +0 great sword.
You closely miss the wight.
The wight is moderately damaged.
The wight hits you with a +0 antimagic battleaxe!
* * * LOW HITPOINT WARNING * * *
You feel your power leaking away.
A wight comes into view. It is wielding a +4 mace of freezing.
You barely miss the wight.
The wight is moderately damaged.
The wight hits you with a +0 antimagic battleaxe.
* * * LOW HITPOINT WARNING * * *
The wight hits you with a +0 antimagic battleaxe!
You die...

#### #... ##### ####...
#...# ##...#.. #.###
#.#.#. #.....##
#.z...####.#.#.##..∩..##
#..zzzz@...#.#..#.....#.
#....h######.###.#...#..
#.... #.......###...
#... #..####.....#. #..
#..# #.#.###. ## #..#
#.#..... #..# #...+...
#..# #####... #.<# ####


You could see a howler monkey and 5 wights.

Vanquished Creatures
  Joseph (D:7)
  Grinder (D:3)
  Sigmund (D:2)
  Menkaure (D:5)
  Duvessa (D:4)
  An orc warrior (D:7)
  A sky beast (D:7)
  2 ice beasts (D:7)
  4 ogres
  4 scorpions
  A necrophage (D:5)
  2 wights (D:8)
  Dowan (D:4)
  4 howler monkeys
  A hound (D:6)
  An iron imp (D:3)
  A gnoll shaman (D:6)
  An orc priest (D:5)
  Jessica (D:3)
  Terence (D:3)
  3 iguanas
  An orc wizard (D:5)
  Robin (D:4)
  5 gnolls
  6 adders
  A shadow imp (D:6)
  A white imp (D:8)
  2 worms (D:3)
  2 dart slugs
  26 orcs
  4 ball pythons
  5 endoplasms
  2 giant cockroaches
  11 goblins
  6 hobgoblins
  2 jackals (D:1)
  5 quokkas
  8 bats
  3 frilled lizards (D:3)
  3 kobolds
  4 rats
132 creatures vanquished.

Vanquished Creatures (others)
  7 plants (D:1)
7 creatures vanquished.

Grand Total: 139 creatures vanquished

Notes
Turn   | Place    | Note
-------+----------+-------------------------------------------
     0 | D:1      | bande the Gnoll Wanderer began the quest for the Orb.
     0 | D:1      | bande set off with the following items: a +2 quarterstaff,
                  | a potion of attraction, a +0 pair of gloves, a scroll of
                  | blinking, a +0 leather armour
     0 | D:1      | Reached XP level 1. HP: 13/13 MP: 4/4
   117 | D:1      | Reached XP level 2. HP: 10/20 MP: 5/5
   382 | D:1      | Reached XP level 3. HP: 12/25 MP: 7/7
  1170 | D:2      | Reached skill level 1 in Invocations
  1198 | D:2      | Noticed Sigmund
  1200 | D:2      | Gained mutation: Potions are less effective at restoring
                  | your health. [potion of mutation]
  1200 | D:2      | Gained mutation: You are partially covered in iridescent
                  | scales. (AC +2) [potion of mutation]
  1200 | D:2      | Gained mutation: You have large cloven feet. [potion of
                  | mutation]
  1200 | D:2      | Gained mutation: You are robust. (+10% HP) [potion of
                  | mutation]
  1215 | D:2      | Killed Sigmund
  1216 | D:2      | Reached skill level 1 in Fighting
  1216 | D:2      | Reached skill level 1 in Short Blades
  1216 | D:2      | Reached skill level 1 in Long Blades
  1216 | D:2      | Reached skill level 1 in Axes
  1216 | D:2      | Reached skill level 1 in Maces & Flails
  1216 | D:2      | Reached skill level 1 in Polearms
  1216 | D:2      | Reached skill level 1 in Slings
  1216 | D:2      | Reached skill level 1 in Bows
  1216 | D:2      | Reached skill level 1 in Crossbows
  1216 | D:2      | Reached skill level 1 in Throwing
  1216 | D:2      | Reached skill level 1 in Shields
  1216 | D:2      | Reached skill level 1 in Unarmed Combat
  1216 | D:2      | Reached skill level 1 in Conjurations
  1216 | D:2      | Reached skill level 1 in Hexes
  1216 | D:2      | Reached skill level 1 in Summonings
  1216 | D:2      | Reached skill level 1 in Necromancy
  1216 | D:2      | Reached skill level 1 in Translocations
  1216 | D:2      | Reached skill level 1 in Transmutations
  1216 | D:2      | Reached skill level 1 in Fire Magic
  1216 | D:2      | Reached skill level 1 in Ice Magic
  1216 | D:2      | Reached skill level 1 in Air Magic
  1216 | D:2      | Reached skill level 1 in Earth Magic
  1216 | D:2      | Reached skill level 1 in Poison Magic
  1216 | D:2      | Reached XP level 4. HP: 33/36 MP: 8/8
  1216 | D:2      | Reached XP level 5. HP: 38/41 MP: 9/9
  1962 | D:3      | Noticed Grinder
  1970 | D:3      | Killed Grinder
  1971 | D:3      | Reached skill level 5 in Evocations
  1971 | D:3      | Reached XP level 6. HP: 26/48 MP: 9/11
  2241 | D:3      | Found a faded altar of an unknown god.
  2469 | D:3      | Noticed Jessica
  2473 | D:3      | Killed Jessica
  2474 | D:3      | Reached XP level 7. HP: 55/55 MP: 12/12
  2607 | D:3      | Noticed Terence
  2612 | D:3      | Killed Terence
  2613 | D:3      | Reached skill level 7 in Staves
  2872 | D:3      | Found a snail-covered altar of Cheibriados.
  3297 | D:4      | Reached skill level 5 in Stealth
  3705 | D:4      | Noticed Duvessa
  3705 | D:4      | Noticed Dowan
  3720 | D:4      | Killed Duvessa
  3722 | D:4      | Killed Dowan
  3723 | D:4      | Reached XP level 8. HP: 18/62 MP: 12/14
  4285 | D:4      | Noticed Robin
  4303 | D:4      | Killed Robin
  4542 | D:5      | Entered Level 5 of the Dungeon
  4542 | D:5      | Noticed Menkaure
  4542 | D:5      | Found Foedwuesyoll's Magic Scroll Boutique.
  4549 | D:5      | Killed Menkaure
  4815 | D:5      | Found Reeffot's Jewellery Boutique.
  5483 | D:5      | Got the Grimoire of the Volcanoes and Enchantment
  5510 | D:5      | Found Vais's Antique Armour Boutique.
  5913 | D:6      | Identified the +4 trident of Premature Burial {flame,
                  | Dex+6}
  6014 | D:6      | Reached XP level 9. HP: 67/71 MP: 16/16
  6240 | D:6      | Found Icebrusm's Weapon Shop.
  6469 | D:6      | Found a staircase to the Ecumenical Temple.
  6480 | Temple   | Entered the Ecumenical Temple
  6693 | D:6      | Identified the +6 battleaxe of Wondrous Power {vamp, MP+9
                  | Str-4 Dex+2}
  6888 | D:6      | Found a glowing silver altar of Zin.
  7088 | D:7      | Reached skill level 5 in Spellcasting
  7348 | D:7      | Noticed Joseph
  7363 | D:7      | Killed Joseph
  7364 | D:7      | Reached skill level 5 in Armour
  7364 | D:7      | Reached skill level 5 in Dodging
  7940 | D:8      | Found Kicwa's One-of-a-Kind Rings.
  7982 | D:8      | Reached skill level 8 in Staves
  8001 | D:8      | Slain by a wight

Illustrated notes

Levels and vault maps discovered:
D:1:      tarquinn_simple_flora_water_a, layout_basic, serial_bayou_pond_e,
          kennysheep_doodads, hangedman_decor_clover_reticule,
          serial_bayou_lagoon_a, corner_web_ring, nicolae_grassy_gnolls
D:2:      layout_basic, minmay_heptomino_d4, uniq_sigmund
D:3:      layout_basic, chei_slow_surprise, dreamdust_ecumenical_altar_statues,
          uniq_grinder, uniq_terence, uniq_jessica
D:4:      layout_basic, serial_forest, infiniplex_forest_straight_2,
          infiniplex_forest_lined_1, infiniplex_forest_straight_3,
          infiniplex_forest_lined_room_3, infiniplex_forest_clump_curved,
          infiniplex_forest_clump_small, minmay_manual_mail, uniq_duvessa,
          uniq_robin
D:5:      layout_rooms, serial_shops, shop, nicolae_shop_trees, shop,
          patterned_corridor, uniq_menkaure
D:6:      layout_basic, kennysheep_little_box, minmay_temple_entry_purple_smoke,
          serial_shops, kennysheep_mini_moat
D:7:      layout_basic, uniq_joseph
D:8:      layout_basic, xom_teletrap_fun,
          chequers_temple_overflow_statue_of_worship, nicolae_shop_unique_rings
Temple:   regret_index_temple_waves

Skill      XL: |  1  2  3  4  5  6  7  8  9 |
---------------+----------------------------+-----
Invocations    | 1 2 3 4 |  4.9
Fighting       | 1 2 3 4 |  4.4
Short Blades   | 1 2 3 4 |  4.4
Long Blades    | 1 2 3 4 |  4.4
Axes           | 1 2 3 4 |  4.4
Maces & Flails | 1 2 3 4 |  4.4
Polearms       | 1 2 3 4 |  4.4
Slings         | 1 2 3 4 |  4.4
Bows           | 1 2 3 4 |  4.4
Crossbows      | 1 2 3 4 |  4.4
Throwing       | 1 2 3 4 |  4.4
Armour         | 3 4 5 |  5.2
Dodging        | 3 4 5 |  5.2
Shields        | 1 2 3 4 |  4.4
Unarmed Combat | 1 2 3 4 |  4.4
Spellcasting   | 3 4 5 |  5.3
Conjurations   | 1 2 3 |  3.6
Hexes          | 1 2 3 |  3.6
Summonings     | 1 2 3 |  3.6
Necromancy     | 1 2 3 |  3.6
Translocations | 1 2 3 |  3.6
Transmutations | 1 2 3 |  3.6
Fire Magic     | 1 2 3 |  3.6
Ice Magic      | 1 2 3 |  3.6
Air Magic      | 1 2 3 |  3.6
Earth Magic    | 1 2 3 |  3.6
Poison Magic   | 1 2 3 |  3.6
Evocations     | 5 6 |  6.4
Staves         | 7 8 |  8.0
Stealth        | 5 6 7 |  7.2

Action                   |  1- 3 |  4- 6 |  7- 9 || total
-------------------------+-------+-------+-------++-------
Melee: Quarterstaff      |    61 |    44 |   150 ||   255
       Bite              |     7 |     3 |    25 ||    35
       Kick              |     2 |     7 |    73 ||    82
       Trident           |       |       |    37 ||    37
       Battleaxe         |       |       |    72 ||    72
       Punch             |       |       |     1 ||     1
  Use: Scroll            |     3 |     4 |     9 ||    16
       Potion            |     1 |     1 |     1 ||     3
 Stab: Sleeping          |     1 |       |     2 ||     3
Armor: Scale mail        |    41 |    18 |    93 ||   152
       Leather armour    |     1 |       |       ||     1
       Plate armour      |       |       |    49 ||    49
Dodge: Dodged            |    50 |    21 |   115 ||   186

Table legend: (Time is in decaauts)
 A = Elapsed time spent in this place.
 B = Non-inter-level travel time spent in this place.
 C = Inter-level travel time spent in this place.
 D = Time resting spent in this place.
 E = Time spent auto-exploring this place.
 F = Levels seen in this place.
 G = Mean time per level.
                   A        B        C        D        E       F      G
               +--------+--------+--------+--------+--------+-----+--------+
         Total |   8035 |   7908 |    127 |   1317 |   5388 |   9 |  892.8 |
       Dungeon |   7845 |   7752 |     93 |   1317 |   5277 |   8 |  980.6 |
        Temple |    189 |    155 |     34 |      0 |    111 |   1 |  189.0 |
               +--------+--------+--------+--------+--------+-----+--------+

Top non-repeatable levels by time:
     D:4: 1601 daAuts
     D:5: 1251 daAuts
     D:1: 1109 daAuts
     D:7: 1008 daAuts
     D:3: 988 daAuts
     D:6: 937 daAuts
     D:2: 844 daAuts
  Temple: 189 daAuts
     D:8: 103 daAuts
